 Adventure DCSS version bcrawl-1.27.3 (webtiles) character file.

Game seed: 10479742887995627868

123022 galech the Skirmisher (level 4, 35/35 HPs)
             Began as a Demonspawn Fighter on Aug 3, 2020.
             Quit the game on level 2 of the Dungeon.
             The game lasted 00:02:19 (1768 turns).

galech the Skirmisher (Demonspawn Fighter)          Turns: 1768, Time: 00:02:20

Health: 35/35      AC:  6    Str: 16    XL:     4   Next: 6%
Magic:  4/4        EV:  5    Int:  9    God:
Gold:   68         SH:  9    Dex: 14    Spells: 3/3 levels left
                                        Lives:  2   Deaths: 0

rFire    . . .     SeeInvis .   o - +3 war axe
rCold    . . .     Gourm    .   c - +0 medium shield
rNeg     . . .     Faith    .   b - +0 scale mail
rPois    +         Spirit   .   (no helmet)
rElec    .         Reflect  .   (no cloak)
rCorr    .         Harm     .   (no gloves)
MR       .....                  (no boots)
Stlth    ..........             (no amulet)
HPRegen  0.11/turn              j - ring "Boluin" {+Fly rPois}
MPRegen  0.09/turn              (no ring)

@: no status effects
A: claws 1, talons 2
a: Evoke Flight


You were on level 2 of the Dungeon.
You were hungry.

You visited 1 branch of the dungeon, and saw 3 of its levels.

You collected 68 gold pieces.

Inventory:

Hand Weapons
 o - a +3 war axe (weapon)
 r - a +2 hand axe of freezing
Missiles
 k - a throwing net {=f}
Armour
 b - a +0 scale mail (worn)
 c - a +0 medium shield (worn)
Jewellery
 j - the ring "Boluin" (left claw) {+Fly rPois}
   (You found it on level 1 of the Dungeon)

   [ring of flight]

   It protects you from poison.
   It lets you fly.
Scrolls
 a - a scroll of blinking {unknown}
 h - 2 scrolls of fog {unknown}
 i - a scroll of teleportation {unknown}
 l - 2 scrolls of remove curse {unknown}
 p - a scroll of fear {unknown}
Potions
 d - a potion of might
 f - a potion of lignification {unknown}
 g - a potion of ambrosia {unknown}
 m - a potion of heal wounds {unknown}
 q - 3 potions of flight {unknown}
 s - 2 potions of mutation {unknown}
Comestibles
 e - 4 rations {!d}


   Skills:
 + Level 3.5 Fighting
 + Level 2.6 Axes
 + Level 3.1 Armour
 + Level 0.1 Dodging
 + Level 0.3 Stealth
 + Level 3.1 Shields


You had 3 spell levels left.
You didn't know any spells.
Your spell library was empty.

Dungeon Overview and Level Annotations

Branches:
Dungeon (3/12)

Altars:


Innate Abilities, Weirdness & Mutations

You have sharp fingernails.
You have razor-sharp toenails.


Message History

You block the adder's attack.
You slash the adder! Your kick misses the adder.
The adder is almost dead.
You block the adder's attack. The adder barely misses you.
You miss the adder.
The adder is almost dead.
You block the adder's attack. The adder barely misses you.
You closely miss the adder. Your kick misses the adder.
The adder is almost dead.
The adder bites you. The adder completely misses you.
You slash the adder!
You kill the adder!
You have reached level 4!
You feel agile.
Your demonic ancestry asserts itself...
Your fingernails lengthen.
You start resting.
HP restored.
You start resting.
HP restored.
Are you sure you want to abandon this character and quit the game? (Confirm with "yes".)

#.# #.#
#.......#########
#.#########.#
##.###.........#
#รท##......).#
#>##...######.##
#.##.########
#.#.###.###.....
#.##.# #...#
#.....###. #....#
######.#.###.....# #.
####.#
#............###.###.
#.# #.#.....[....#
#..... #.#
#...@..##..### ###.##
#.######.#.##.##..#
#.##
#........#....##..####
#.##
#.######.#..####.....#
#.## #..(........#
#..##.####.##
####..#####.#..#
#.....>...... #.....#
#.#..# #.#########..
#.###.# #.#..####.#
#..) #.# #.#
#.........# #...


There were no monsters in sight!

Vanquished Creatures
  Terence (D:2)
  An adder (D:2)
  2 leopard geckos (D:2)
  3 orcs (D:2)
  A giant cockroach (D:1)
  A goblin (D:2)
  4 hobgoblins (D:2)
  5 kobolds (D:1)
  3 quokkas
  A ball python (D:2)
  3 bats (D:1)
  3 frilled lizards
  4 rats (D:2)
32 creatures vanquished.

Notes
Turn   | Place    | Note
-------+----------+-------------------------------------------
     0 | D:1      | galech the Demonspawn Fighter began the quest for the Orb.
     0 | D:1      | Reached XP level 1. HP: 18/18 MP: 1/1
   289 | D:1      | Got a twitching golden ring
   290 | D:1      | Identified the ring "Boluin" {+Fly rPois} (You found it on
                  | level 1 of the Dungeon)
   633 | D:1      | Gained mutation: You have sharp toenails. [demonic
                  | ancestry]
   633 | D:1      | Reached XP level 2. HP: 24/24 MP: 2/2
  1006 | D:2      | Noticed Terence
  1016 | D:2      | Killed Terence
  1016 | D:2      | Gained mutation: You have razor-sharp toenails. [demonic
                  | ancestry]
  1016 | D:2      | Reached XP level 3. HP: 16/29 MP: 3/3
  1682 | D:2      | Gained mutation: You have sharp fingernails. [demonic
                  | ancestry]
  1682 | D:2      | Reached XP level 4. HP: 16/35 MP: 4/4
  1768 | D:2      | Quit the game

Skill      XL: |  1  2 |
---------------+-------+-----
Shields        | 3 |  3.1
Axes           | 2 |  2.6
Armour         | 3 |  3.1
Fighting       | |  3.5
Dodging        | |  0.1
Stealth        | |  0.3

Action                   |  1- 3 |  4- 6 || total
-------------------------+-------+-------++-------
Melee: War axe           |    91 |       ||    91
       Kick              |    11 |       ||    11
  Eat: Chunk             |     5 |       ||     5
Armor: Scale mail        |    37 |       ||    37
Dodge: Dodged            |    20 |       ||    20
Block: Medium shield     |    53 |       ||    53
